 Dungeon Crawl Stone Soup version 0.29-a0-520-gc852659 (webtiles) character file.

Game seed: 11244883681601580454

1959 Illumine the Grappler (level 9, -3/81 (85) HPs)
             Began as a Troll Cinder Acolyte on May 31, 2022.
             Was a High Priest of Ignis.
             Slain by a wight
             ... wielding a +0 great sword
              (13 damage)
             ... on level 5 of the Dungeon.
             The game lasted 00:06:10 (4101 turns).

Illumine the Grappler (Troll Cinder Acolyte)        Turns: 4101, Time: 00:06:11

HP:   -3/81 (85)    AC:  4    Str: 28    XL:     9   Next: 0%
MP:   4/9           EV: 10    Int: 10    God:    Ignis [*****.]
Gold: 229           SH:  0    Dex: 11    Spells: 8/10 levels left

rFire   + . .      SeeInvis .     - Unarmed
rCold   . . .      Faith    .   (no shield)
rNeg    + . .      Spirit   .   b - +0 robe
rPois   .          Reflect  .   (helmet restricted)
rElec   .          Harm     .   A - scarf {+Inv}
rCorr   .          Rampage  .   (gloves unavailable)
Will    .....                   (boots unavailable)
Stlth   +.........              (no amulet)
HPRegen 1.03/turn               e - +6 ring of dexterity
MPRegen 0.11/turn               v - ring of positive energy

@: lightly drained
A: large, unfitting armour, claws 3, regeneration 1, shaggy fur 1, tough skin 1
a: Renounce Religion, Evoke Invisibility, Fiery Armour, Foxfire Swarm, Rising
Flame


You were on level 5 of the Dungeon.
You worshipped Ignis.
Ignis was extremely pleased with you.
You visited 1 branch of the dungeon, and saw 6 of its levels.

You collected 229 gold pieces.

Inventory:

Hand Weapons
 a - a -1 falchion of flaming
Missiles
 k - a large rock (quivered)
 w - 7 poisoned darts
 B - 6 boomerangs
Armour
 b - a +0 robe (worn)
 s - a +0 cloak
 A - a scarf of invisibility (worn)
Jewellery
 e - a +6 ring of dexterity (left claw)
 v - a ring of positive energy (right claw)
Wands
 x - a wand of mindburst (2)
 y - a wand of digging (3)
 D - a wand of flame (27)
Scrolls
 d - 2 scrolls of vulnerability {unknown}
 f - a scroll of enchant armour {unknown}
 g - a scroll of poison {unknown}
 h - 7 scrolls of identify {unknown}
 i - a scroll of blinking {unknown}
 j - 2 scrolls of fog {unknown}
 l - a scroll of noise {unknown}
 o - 2 scrolls of brand weapon {unknown}
 t - a scroll of teleportation {unknown}
 u - a scroll of fear {unknown}
 C - a scroll of acquirement {unknown}
Potions
 c - a potion of brilliance {unknown}
 m - 5 potions of heal wounds {unknown}
 n - 2 potions of ambrosia {unknown}
 p - a potion of haste {unknown}
 q - 3 potions of curing {unknown}
 r - a potion of resistance {unknown}
 z - 2 potions of attraction {unknown}
 E - a potion of flight {unknown}


   Skills:
 + Level 4.4 Fighting
 - Level 2.4 Long Blades
 + Level 3.8 Throwing
 + Level 3.5 Dodging
 * Level 8.6 Unarmed Combat
 - Level 1.0 Spellcasting
 - Level 2.1 Fire Magic


You had 8 spell levels left.
You knew the following spells:

 Your Spells              Type           Power      Damage    Failure   Level
a - Scorch                Fire           8%         2d5       22%         2

Your spell library contained the following spells:

 Spells                   Type           Power      Damage    Failure   Level
 Sublimation of Blood     Necr           0%         N/A       45%         2
 Gell's Gravitas          Tloc           0%         N/A       71%         3
 Lesser Beckoning         Tloc           0%         N/A       71%         3
 Ozocubu's Armour         Ice            0%         N/A       71%         3
 Teleport Other           Tloc           0%         N/A       71%         3
 Anguish                  Hex/Necr       0%         N/A       98%         4
 Petrify                  Tmut/Erth      0%         N/A       98%         4
 Irradiate                Conj/Tmut      0%         3d13      100%        5
 Enfeeble                 Hex            0%         N/A       100%        7
 Ozocubu's Refrigeration  Ice            0%         4d5       100%        7


Dungeon Overview and Level Annotations

Branches:
Dungeon (6/15)             Temple (0/1) D:5

Altars:

Shops:
D:2 =   D:4 (


Innate Abilities, Weirdness & Mutations

You are too large for most types of armour.
You have claws for hands.
Your natural rate of healing is unusually fast.
You are covered in fur. (AC +1)
You have tough skin. (AC +1)


Message History

A wight comes into view. It is wielding a +0 battleaxe.
Casting: Scorch (safe; 22% risk of failure)
Confirm with . or Enter, or press ? or * to list all spells.
Flames lash the wight but do no damage.
A gnoll sergeant comes into view. It is wielding a +0 spear.
A gnoll comes into view. It is wielding a +0 spear.
Casting: Scorch (safe; 22% risk of failure)
Confirm with . or Enter, or press ? or * to list all spells.
Flames lash the wight.
The wight is moderately damaged.
The wight's fire resistance burns away.
The gnoll sergeant shouts!
The gnoll shouts!
You hear a shout!
Unknown command.
The wight hits you with a +0 great sword!
You partially resist.
You feel drained.
The wight hits you with a +5 great sword!
You partially resist.
You feel drained.
You climb upwards.
There is a stone staircase leading down here.
Unknown command.
You claw the wight!
The wight is heavily damaged.
The wight hits you with a +5 great sword!
The wight hits you with a +0 great sword!
* * * LOW HITPOINT WARNING * * *
Unknown command.
You claw the wight!
You destroy the wight!
The wight hits you with a +0 great sword!
* * * LOW HITPOINT WARNING * * *
You partially resist.
You feel drained.
You have reached level 9!
Your experience leads to an increase in your attributes!
Your base attributes are Str 25, Int 10, Dex 5.
Increase (S)trength, (I)ntelligence, or (D)exterity?
You feel stronger. x3
You closely miss the wight.
The wight is moderately damaged.
The wight hits you with a +0 great sword!
You die...

#...#####.............
#....#..............<.
#....#..........#.....
#....'..........#.....
##########'#######.....
#.....................#
#.....................#
#.....................#
#.....@)..............#
#......z.##'#.........#
###+#....#..#####.....#
#....#......#.....#
+....#......#.....#
#....#.###..#.....#
######.###..#####..
#.............'..
#.............#..


You could see a wight (combustible).

Vanquished Creatures
  A two-headed ogre (D:5)
  Pargi (D:4)
  3 black bears
  2 ogres (D:5)
  A phantom (D:4)
  2 necrophages
  2 scorpions
  A wight (D:5)
  2 jellies (D:5)
  2 hounds (D:5)
  An orc priest (D:4)
  Ijyb (D:3)
  4 iguanas
  A gnoll (D:1)
  9 adders
  A white imp (D:5)
  An ufetubus (D:4)
  4 worms
  A dart slug (D:4)
  7 orcs
  3 bats (D:1)
  7 endoplasms
  4 giant cockroaches
  7 goblins
  8 hobgoblins
  7 quokkas
  4 ball pythons
  5 frilled lizards
  8 kobolds
  8 rats
108 creatures vanquished.

Vanquished Creatures (others)
  23 foxfires (D:4)
23 creatures vanquished.

Grand Total: 131 creatures vanquished

Notes
Turn   | Place    | Note
-------+----------+-------------------------------------------
     0 | D:1      | Illumine the Troll Cinder Acolyte began the quest for the
                  | Orb.
     0 | D:1      | Reached XP level 1. HP: 22/22 MP: 1/1
    77 | D:1      | Reached skill level 1 in Unarmed Combat
   174 | D:1      | Reached skill level 2 in Unarmed Combat
   174 | D:1      | Reached XP level 2. HP: 29/29 MP: 2/2
   397 | D:1      | Reached XP level 3. HP: 36/36 MP: 3/3
   617 | D:1      | Found a faded altar of an unknown god.
   728 | D:1      | Reached skill level 3 in Unarmed Combat
  1029 | D:2      | Reached XP level 4. HP: 39/44 MP: 4/4
  1056 | D:2      | Found Bysetigu's Jewellery Emporium.
  1411 | D:2      | Reached skill level 4 in Unarmed Combat
  2061 | D:3      | Noticed a necrophage
  2067 | D:3      | Killed a necrophage
  2068 | D:3      | Reached skill level 5 in Unarmed Combat
  2068 | D:3      | Reached XP level 5. HP: 49/50 MP: 5/5
  2331 | D:4      | Noticed Ijyb
  2353 | D:3      | Killed Ijyb
  2386 | D:4      | Learned a level 2 spell: Scorch
  2386 | D:4      | Noticed a black bear
  2444 | D:4      | Killed a black bear
  2445 | D:4      | Reached XP level 6. HP: 53/59 MP: 6/6
  2503 | D:4      | Reached skill level 1 in Throwing
  2503 | D:4      | Reached skill level 1 in Dodging
  2503 | D:4      | Reached skill level 6 in Unarmed Combat
  2705 | D:4      | Noticed Pargi
  2725 | D:4      | Killed Pargi
  2726 | D:4      | Reached XP level 7. HP: 67/67 MP: 7/7
  2764 | D:4      | Found Xanuymeple's Antique Weapon Boutique.
  2979 | D:5      | Entered Level 5 of the Dungeon
  3123 | D:5      | Reached skill level 7 in Unarmed Combat
  3420 | D:5      | Found a staircase to the Ecumenical Temple.
  3466 | D:5      | Noticed a two-headed ogre
  3474 | D:5      | Killed a two-headed ogre
  3475 | D:5      | Reached skill level 8 in Unarmed Combat
  3475 | D:5      | Reached XP level 8. HP: 50/78 MP: 8/8
  4101 | D:5      | Reached XP level 9. HP: 9/81 MP: 4/9
  4101 | D:5      | Slain by a wight

Illustrated notes

Levels and vault maps discovered:
D:1:      co_arrival_square_in_a_square_in_a_square, layout_basic,
          ebering_ecumenical_altar_abandoned, minmay_quantized
D:2:      layout_loops_ring, serial_shops, nicolae_shop_hallway_stairs
D:3:      layout_basic
D:4:      layout_rooms, serial_shops, kennysheep_mini,
          nicolae_figureground_pulse, uniq_pargi, uniq_ijyb
D:5:      minmay_diamond_boxcup, layout_gridville,
          minmay_temple_entry_drinking_statues
D:6:      layout_cave_pools

Skill      XL: |  1  2  3  4  5  6  7 |
---------------+----------------------+-----
Unarmed Combat | 2 3 5 6 8 |  8.6
Throwing       | 1 3 |  3.8
Dodging        | 1 3 |  3.5
Fighting       | 3 4 |  4.4
Long Blades    | |  2.4
Spellcasting   | |  1.0
Fire Magic     | |  2.1

Action                   |  1- 3 |  4- 6 |  7- 9 || total
-------------------------+-------+-------+-------++-------
Melee: Falchion          |    36 |       |       ||    36
       Unarmed           |    82 |   118 |    71 ||   271
       Punch             |       |     2 |       ||     2
Throw: Large rock        |       |     3 |    10 ||    13
 Cast: Scorch            |       |       |     2 ||     2
Invok: Foxfire Swarm     |       |     1 |       ||     1
       Fiery Armour      |       |       |     1 ||     1
 Stab: Sleeping          |       |     1 |       ||     1
Armor: Robe              |    47 |    33 |    15 ||    95
Dodge: Dodged            |    73 |    52 |    33 ||   158

Table legend: (Time is in decaauts)
 A = Elapsed time spent in this place.
 B = Non-inter-level travel time spent in this place.
 C = Inter-level travel time spent in this place.
 D = Time resting spent in this place.
 E = Time spent auto-exploring this place.
 F = Levels seen in this place.
 G = Mean time per level.
                   A        B        C        D        E       F      G
               +--------+--------+--------+--------+--------+-----+--------+
         Total |   4095 |   3959 |    136 |     62 |   2961 |   6 |  682.5 |
       Dungeon |   4095 |   3959 |    136 |     62 |   2961 |   6 |  682.5 |
               +--------+--------+--------+--------+--------+-----+--------+

Top non-repeatable levels by time:
     D:5: 1081 daAuts
     D:1: 959 daAuts
     D:3: 825 daAuts
     D:4: 614 daAuts
     D:2: 608 daAuts
     D:6: 5 daAuts
